 Dungeon Sprint DCSS version 0.29-a0-364-g921d912d32 (webtiles) character file.

Game seed: 15416227394627868177

1 mhtbhm the Cutter (level 1, -2/14 HPs)
             Began as a Kobold Berserker on Apr 30, 2022.
             Was a Follower of Trog.
             Slain by a quokka (3 damage)
             ... while paralysed by a floating eye
             ... in the Dungeon (Sprint VII: "The Pits").
             The game lasted 00:00:12 (58 turns).

mhtbhm the Cutter (Kobold Berserker)                  Turns: 58, Time: 00:00:13

Health: -2/14      AC:  2    Str: 14    XL:     1   Next: 22%
Magic:  1/1        EV:  3    Int:  8    God:    Trog [*.....]
Gold:   0          SH:  0    Dex: 14    Spells: 0/0 levels left

rFire   . . .      SeeInvis .   a - +2 dagger
rCold   . . .      Faith    .   (no shield)
rNeg    . . .      Spirit   .   b - +0 animal skin
rPois   .          Reflect  .   (no helmet)
rElec   .          Harm     .   (no cloak)
rCorr   .          Rampage  .   (no gloves)
Will    .....      NoTele   +   (no boots)
Stlth   ++........              (no amulet)
HPRegen 0.04/turn               (no ring)
MPRegen 0.07/turn               (no ring)

@: paralysed
A: small, no large weapons, nightstalker 3
a: Renounce Religion, Berserk


You were in the Dungeon.
You worshipped Trog.
Trog was aware of your devotion.
You visited 1 branch

Inventory:

Hand Weapons
 a - a +2 dagger (weapon)
Armour
 b - a +0 animal skin (worn)
Scrolls
 h - a scroll of blinking
 j - a scroll of summoning
Potions
 c - a potion of curing
 d - a potion of heal wounds
 e - a potion of haste
 f - 4 potions of magic
 g - 3 potions of berserk rage
 i - 2 potions of invisibility


   Skills:
 + Level 3.6 Fighting
 + Level 4.4 Short Blades
 + Level 1.6 Armour
 + Level 2.5 Dodging


You couldn't memorise any spells.
You didn't know any spells.
Your spell library was empty.

Dungeon Overview and Level Annotations

Branches:
Dungeon (1/1)

Altars:


Innate Abilities, Weirdness & Mutations

You are small and have problems with some larger weapons.
You are completely attuned to the shadows.


Message History

g - 3 potions of berserk rage (gained 2)
i - 2 potions of invisibility You see here 10 stones.
j - a scroll of summoning
Things that are here:
2 scrolls of vulnerability; 5 scrolls of amnesia
Things that are here:
2 scrolls of vulnerability; 5 scrolls of amnesia You see here 10 stones.
There is an open door here.
Things that are here:
a +2 quarterstaff; a +2 trident
Things that are here:
a +2 mace; a +2 hand axe You are now empty-handed.
You drop a +0 short sword.
Things that are here:
a +2 falchion; a +2 dagger
a - a +2 dagger
a - a +2 dagger (weapon)
There is an open door here.
You open the door.
A floating eye and a quokka come into view.
There is an open door here.
The floating eye turns its gaze towards you.
The quokka bites you. The floating eye's view fixates on you.
You hit the floating eye.
The floating eye is lightly wounded.
The quokka bites you.
You hit the floating eye.
The floating eye is heavily wounded.
The floating eye gazes piercingly through you!
You suddenly lose the ability to move!
The quokka bites you.
* * * LOW HITPOINT WARNING * * *
The quokka bites you.
* * * LOW HITPOINT WARNING * * *
The quokka bites you.
* * * LOW HITPOINT WARNING * * *
The quokka bites you.
You die...

######
##########+##.......
#.?(.')))'.##......#.
##########.##........
.........'........
####'#####......#.
#.@# #........ +Gr#
####'#### ####
#.......# #.......#
#.......# #...<...#
#.......# #.......#
#.......#


You could see a floating eye and a quokka.

Vanquished Creatures
  An endoplasm (D)
1 creature vanquished.

Notes
Turn   | Place    | Note
-------+----------+-------------------------------------------
     0 | D        | mhtbhm the Kobold Berserker began the quest for the Orb.
     0 | D        | Reached XP level 1. HP: 14/14 MP: 1/1
    51 | D        | Noticed a floating eye
    55 | D        | Paralysed by a floating eye for 3 turns
    58 | D        | Slain by a quokka

Illustrated notes

Levels and vault maps discovered:
D:        pitsprint [storerooms_1, entrance_room_1, metal_vault_1, armoury_2,
          mini_pit_1, grid_room_1, main_hall_1, silver_pit, the_coven_3,
          the_vestibule_1, steel_vault_2, golden_pit, hallway_of_sentries,
          crystal_vault_4, iron_vault_3, final_vault]

Action                   || total
-------------------------++-------
Melee: Short sword       ||     4
       Dagger            ||     2
Dodge: Dodged            ||     2

Table legend: (Time is in decaauts)
 A = Elapsed time spent in this place.
 B = Non-inter-level travel time spent in this place.
 C = Inter-level travel time spent in this place.
 D = Time resting spent in this place.
 E = Time spent auto-exploring this place.
 F = Levels seen in this place.
 G = Mean time per level.
                   A        B        C        D        E       F      G
               +--------+--------+--------+--------+--------+-----+--------+
         Total |     56 |     56 |      0 |      0 |      0 |   1 |   56.0 |
       Dungeon |     56 |     56 |      0 |      0 |      0 |   1 |   56.0 |
               +--------+--------+--------+--------+--------+-----+--------+

Top non-repeatable levels by time:
       D: 56 daAuts
